[Event "Early-Titled-Tuesday-Blitz-February-06-2024"]
[Site "Chess.com"]
[Date "2024.02.06"]
[Round "2"]
[White "AttilaTurzo"]
[Black "Ati1517"]
[Result "0-1"]
[WhiteElo "2459"]
[BlackElo "2254"]
[TimeControl "180+1"]
[EndTime "8:17:44 PST"]
[Termination "Ati1517 won on time"]

1. e4 c5 2. Nf3 d6 3. d4 cxd4 4. Nxd4 Nf6 5. Nc3 a6 6. Be3 e5 7. Nf3 Be7 8. Bc4 O-O 9. O-O Be6 10. Qe2 Nc6 11. a4 Qc7 12. Nd2 Nd4 13. Qd3 Bxc4 14.
Nxc4 Rac8 15. Na3 Ne6 16. Nd5 Nxd5 17. Qxd5 Qc6 18. c4 Qxd5 19. exd5 Nc5 20. Bxc5 Rxc5 21.
b4 Rc7 22. a5 Rfc8 23. Rab1 f5 24. f3 Bg5 25. Kf2 e4 26. fxe4 fxe4 27. Ke2 Bf6 28.
Ke3 Re8 29. h3 Bg5+ 30. Ke2 e3 31. Rb3 Re4 32. Rf3 Rce7 33. Rd3 Bf6 34. b5 Bb2 35. c5 Bxa3 36. Rxa3 dxc5 37. bxa6 bxa6 38. Raxe3 Rxe3+ 39. Rxe3 Rxe3+ 40. Kxe3 Kf7 0-1

[Event "Early-Titled-Tuesday-Blitz-February-06-2024"]
[Site "Chess.com"]
[Date "2024.02.06"]
[Round "2"]
[White "Shivagami"]
[Black "SARGISMV"]
[Result "0-1"]
[WhiteElo "2196"]
[BlackElo "2462"]
[TimeControl "180+1"]
[EndTime "8:17:44 PST"]
[Termination "SARGISMV won on time"]

1. d4 Nf6 2. c4 c5 3. d5 e6 4.
Nc3 exd5 5. cxd5 Bd6 6. e4 O-O 7. Bd3 Bc7 8. Nge2 d6 9. O-O a6 10. Bg5 h6 11. Bh4 b5 12. f4 Nbd7 13. Ng3 Re8 14.
Re1 c4 15. Bc2 Bb6+ 16. Kh1 Qc7 17. Nf5 b4 18. Na4 Ba5 19. Qf3 b3 20. Qg3 Nh5 21. Qg4 Bxe1 22. Rxe1 g6 23. axb3 cxb3 24. Bxb3 Ndf6 25.
Nxh6+ Kg7 26. Qg5 Rxe4 27. Nc3 Rxe1+ 28. Bxe1 Qb6 29. Bc2 Qxb2 30. Bd3 Qc1 31. Qh4 Kxh6 32. Ne2 Qe3 33. Bf2 Qd2 34. Qg5+ Kg7 0-1

[Event "Early-Titled-Tuesday-Blitz-February-06-2024"]
[Site "Chess.com"]
[Date "2024.02.06"]
[Round "2"]
[White "vishwa_vijeta"]
[Black "Zurability"]
[Result "1-0"]
[WhiteElo "2561"]
[BlackElo "2748"]
[TimeControl "180+1"]
[EndTime "8:17:45 PST"]
[Termination "vishwa_vijeta won by checkmate"]

1. e4 e5 2. Nf3 Nc6 3. d4 exd4 4. Bc4 Nf6 5. Ng5 Ne5 6. Qxd4 Qe7 7. O-O Qc5 8. Qxc5 Bxc5 9. Bb3 h6 10.
Nf3 Nxf3+ 11. gxf3 d6 12. Nc3 Bh3 13. Rd1 O-O 14. Be3 Bb6 15. Nb5 Rfc8 16. Bxb6 axb6 17. Rd3 Bd7 18. Nc3 Kf8 19. Rad1 Ra5 20. f4 Bg4 21. f3 Be6 22. f5 Bxb3 23. axb3 Rca8 24. f4 Ke7 25. Kg2 Ra1 26. Kf3 Rxd1 27. Rxd1 Ra5 28. b4 Ra8 29. e5 Ne8 30. Nd5+ Kd7 31. Nc3 Kc6 32. Rd5 Kd7 33. Rd1 Ke7 34. Nd5+ Kd7 35. Re1 Ra2 36. e6+ fxe6 37. fxe6+ Kd8 38. b5 Rxb2 39. Ra1 Rxb5 40. Ra8# 1-0

[Event "Early-Titled-Tuesday-Blitz-February-06-2024"]
[Site "Chess.com"]
[Date "2024.02.06"]
[Round "2"]
[White "ChampStan"]
[Black "19912131712118"]
[Result "0-1"]
[WhiteElo "2114"]
[BlackElo "2428"]
[TimeControl "180+1"]
[EndTime "8:17:45 PST"]
[Termination "19912131712118 won by checkmate"]

1. e4 c5 2. Nf3 e6 3. d4 cxd4 4. Nxd4 Nc6 5. Nc3 a6 6. Be3 Nf6 7. Be2 Be7 8. O-O d6 9. Qd2 Bd7 10. Rad1 O-O 11. f4 Rc8 12. g4 Nxd4 13. Qxd4 d5 14.
e5 Bc5 15. Qd3 Ne8 16. Bxc5 Rxc5 17. Kh1 b5 18. a3 a5 19. b4 axb4 20. axb4 Rc4 21.
Rb1 Qc7 22. Rb3 f6 23. exf6 Nxf6 24. g5 Ne4 25. Nxe4 dxe4 26. Qe3 Rxc2 27. Qxe4 Bc6 28. Re3 Bxe4+ 29. Rxe4 Rxe2 30. Rxe2 Rxf4 31. Rfe1 Qc6+ 32. Kg1 Rg4+ 33. Kf2 Rg2+ 34. Ke3 Qc3+ 35. Kf4 Qxb4+ 36. Re4 Qd2+ 37. Ke5 Qd5+ 38. Kf4 Qxg5+ 39. Kf3 Rxh2 40. Rxe6 Rh3+ 41. Ke2 Qg2+ 42. Kd1 Rd3+ 43. Kc1 Qd2+ 44. Kb1 Rb3+ 45. Ka1 Qb2# 0-1

[Event "Early-Titled-Tuesday-Blitz-February-06-2024"]
[Site "Chess.com"]
[Date "2024.02.06"]
[Round "2"]
[White "tarno17"]
[Black "Keures"]
[Result "0-1"]
[WhiteElo "2109"]
[BlackElo "2428"]
[TimeControl "180+1"]
[EndTime "8:17:45 PST"]
[Termination "Keures won on time"]

1. e4 e6 2. d4 d5 3. Nd2 c5 4. exd5 Qxd5 5. Ngf3 cxd4 6. Bc4 Qd7 7. O-O Nc6 8. Nb3 Nf6 9. Nbxd4 Nxd4 10. Qxd4 Qxd4 11. Nxd4 a6 12. Be2 e5 13. Nb3 Bd7 14. Bf3 e4 15. Re1 Bc6 16. Na5 Bb4 17. c3 Bxa5 18.
Bg5 Bd8 19. Bxf6 Bxf6 20. Bxe4 Bxe4 21. Rxe4+ Kf8 22. Rae1 g6 23. f4 Kg7 24. g4 h6 25. Kg2 Rhd8 26. R1e2 Rd7 27. R4e3 Rad8 28. Kg3 Rd3 29. h4 Rxe3+ 30. Rxe3 Rd2 31. g5 hxg5 32. fxg5 Bd8 33. Re8 Bc7+ 34. Kg4 Rxb2 35. h5 gxh5+ 36. Kxh5 Ba5 37. Rc8 Rxa2 38. Rb8 Rb2 39. Re8 Bxc3 40. Re7 Rh2+ 41. Kg4 b5 42. Kf5 Rf2+ 43. Kg4 b4 44. g6 Rg2+ 45. Kh5 Rxg6 46.
Rb7 Rg1 47. Rb6 Ra1 48. Rc6 a5 49. Rc4 a4 50. Rg4+ Kf8 51. Kh6 a3 52. Rh4 Rf1 53. Rh2 b3 0-1

[Event "Early-Titled-Tuesday-Blitz-February-06-2024"]
[Site "Chess.com"]
[Date "2024.02.06"]
[Round "2"]
[White "AnaKuchava"]
[Black "ATM622"]
[Result "0-1"]
[WhiteElo "2188"]
[BlackElo "2455"]
[TimeControl "180+1"]
[EndTime "8:17:46 PST"]
[Termination "ATM622 won on time"]

1. d4 Nf6 2. Nf3 e6 3. c4 d5 4.
Nc3 Be7 5. Bg5 O-O 6. e3 h6 7. Bh4 Ne4 8. Bxe7 Qxe7 9. Rc1 Nxc3 10. Rxc3 dxc4 11. Bxc4 Nd7 12. O-O c5 13. Qe2 a6 14.
a4 Rb8 15. Rfc1 cxd4 16. Nxd4 Ne5 17. Bb3 Bd7 18. f4 Nc6 19. Nf3 Rfc8 20. Kf2 e5 21.
fxe5 Nxe5 22. Nxe5 Qxe5 23. Qf3 Rf8 24. Rd1 Bc6 25. Qf4 Qxf4+ 26. exf4 Rfd8 27. Rcd3 Rxd3 28. Rxd3 Kf8 29. g3 f5 30. a5 Rc8 31. Ke3 Re8+ 32. Kf2 Re4 33. Re3 Rb4 34. Ke2 Be4 35. Kd2 Rb5 36.
Rc3 g5 0-1

[Event "Early-Titled-Tuesday-Blitz-February-06-2024"]
[Site "Chess.com"]
[Date "2024.02.06"]
[Round "2"]
[White "stratacticos"]
[Black "RCone"]
[Result "0-1"]
[WhiteElo "2043"]
[BlackElo "2424"]
[TimeControl "180+1"]
[EndTime "8:17:47 PST"]
[Termination "RCone won on time"]

1. e4 d6 2. d4 Nf6 3. Nc3 g6 4. Be2 Bg7 5. Be3 O-O 6. Qd2 e5 7. Nf3 Nc6 8. d5 Ne7 9. h3 Ne8 10. g4 c6 11. O-O-O cxd5 12. Nxd5 Be6 13. c4 Nxd5 14. cxd5 Bd7 15. Kb1 a6 16. Bh6 Nf6 17.
Bxg7 Kxg7 18. Qe3 Rc8 19. Rc1 Qa5 20. Qd2 Qa4 21. Bd3 Nxe4 22. Qe3 Nf6 23. Nxe5 dxe5 24.
Qxe5 Rfe8 25. Qd6 Bb5 26. Bc2 Qd4 27. Rhd1 Qe5 28. Qxe5 Rxe5 29. d6 Rd8 30. f4 Rd5 31.
Rxd5 Nxd5 32. Be4 Rxd6 33. f5 Bc6 34. Bxd5 Rxd5 35. fxg6 hxg6 36. h4 Rd4 37. Rg1 Be4+ 38. Kc1 b5 39. h5 g5 40. Re1 Bf3 0-1

[Event "Early-Titled-Tuesday-Blitz-February-06-2024"]
[Site "Chess.com"]
[Date "2024.02.06"]
[Round "2"]
[White "stasOR4ik"]
[Black "PattyCastillo"]
[Result "1-0"]
[WhiteElo "2411"]
[BlackElo "1952"]
[TimeControl "180+1"]
[EndTime "8:17:47 PST"]
[Termination "stasOR4ik won on time"]

1. e4 c5 2. c3 d5 3. exd5 Qxd5 4. Nf3 Bg4 5. Be2 Nf6 6. d4 e6 7. Be3 Nc6 8. dxc5 Rd8 9. b4 Qh5 10. Qb3 Nd5 11. Nbd2 Nxe3 12. fxe3 Be7 13. h3 O-O 14.
O-O-O Bxf3 15. Bxf3 Qg5 16. c4 Ne5 17. Bxb7 Nd3+ 18.
Kc2 Nf2 19. Ne4 Qg6 20. Rxd8 Rxd8 21. Kb2 Nxe4 22. Rd1 Bf6+ 23. Ka3 Rxd1 24. Qxd1 Nc3 25. Qd7 h5 26. e4 Qxg2 27. Qc8+ Kh7 28. e5 Nb1+ 29. Ka4 Qxa2+ 30. Kb5 a6+ 31. Kb6 Bxe5 32. Be4+ g6 33. Qd7 Kg7 34. c6 1-0

[Event "Early-Titled-Tuesday-Blitz-February-06-2024"]
[Site "Chess.com"]
[Date "2024.02.06"]
[Round "2"]
[White "Denis_Makhnyov"]
[Black "AldokhinIvan"]
[Result "1-0"]
[WhiteElo "3014"]
[BlackElo "2646"]
[TimeControl "180+1"]
[EndTime "8:17:48 PST"]
[Termination "Denis_Makhnyov won by resignation"]

1. d4 Nf6 2. c4 g6 3. Nc3 Bg7 4.
e4 O-O 5. Bd3 d6 6. Nge2 Nc6 7.
O-O Re8 8. f3 Nd7 9. Be3 e5 10.
d5 Nd4 11. Bb1 Nxe2+ 12. Qxe2 a5 13. Bc2 Rf8 14. a3 f5 15. exf5 gxf5 16. Kh1 Qh4 17.
Nb5 Qd8 18. g4 Nf6 19. Rg1 e4 20. gxf5 Bxf5 21. Nd4 Qd7 22. Nxf5 Qxf5 23. fxe4 Qe5 24. Rg5 Qe7 25. Rag1 Rf7 26. Bd4 Re8 27. e5 dxe5 28. Rxe5 Qd7 29. Bf5 Rxe5 30. Qxe5 Qd6 31. Qxd6 cxd6 32.
Be6 Kf8 33. Bxf7 Kxf7 34. Rf1 Ke7 35. Bxf6+ Bxf6 36. b3 Be5 37. Rf3 Bd4 38. Rh3 1-0

[Event "Early-Titled-Tuesday-Blitz-February-06-2024"]
[Site "Chess.com"]
[Date "2024.02.06"]
[Round "2"]
[White "toninhojit"]
[Black "CarlosjPineror"]
[Result "0-1"]
[WhiteElo "2510"]
[BlackElo "2730"]
[TimeControl "180+1"]
[EndTime "8:17:49 PST"]
[Termination "CarlosjPineror won by checkmate"]

1. d4 Nf6 2. c4 e6 3. Nf3 Bb4+ 4.
Bd2 Qe7 5. g3 O-O 6. Bg2 Bxd2+ 7. Nbxd2 d6 8. O-O e5 9. e4 c6 10. d5 Bg4 11. h3 Bxf3 12. Bxf3 a5 13. b3 Na6 14. Nb1 Nc5 15. Nc3 cxd5 16. exd5 e4 17. Re1 Qe5 18. Qc2 Rfe8 19. Bg2 a4 20. Rab1 axb3 21. axb3 h5 22. Re3 h4 23. g4 Qf4 24. Ne2 Qg5 25. Nd4 Re5 26. Nf5 Rd8 27. Ra1 g6 28. Nd4 Nd3 29. Bxe4 Nf4 30. Bg2 Rxe3 31.
fxe3 Nxg2 32. Kxg2 Qxe3 33. Qf2 Qe4+ 34. Nf3 Nd7 35.
Re1 Qd3 36. Re3 Qb1 37. Qxh4 Ra8 38. Re2 Ra1 39. Ng5 Qh1+ 40. Kf2 Qf1+ 41. Ke3 Qc1+ 42. Kf3 Qc3+ 43. Kf2 Nf8 44. Qg3 Qc1 45. Qf3 Qg1# 0-1

[Event "Early-Titled-Tuesday-Blitz-February-06-2024"]
[Site "Chess.com"]
[Date "2024.02.06"]
[Round "2"]
[White "Korchmar_Vasiliy"]
[Black "DinaBelenkaya"]
[Result "1-0"]
[WhiteElo "2705"]
[BlackElo "2419"]
[TimeControl "180+1"]
[EndTime "8:17:49 PST"]
[Termination "Korchmar_Vasiliy won on time"]

1. e4 c6 2. d4 d5 3. exd5 cxd5 4. Bd3 Nc6 5. c3 Nf6 6. h3 g6 7. Nf3 Bg7 8. O-O O-O 9. Bf4 Bf5 10. Bxf5 gxf5 11.
Ne1 e6 12. Nd3 Kh8 13. Nd2 Ne4 14. Nb3 Qh4 15. f3 Nf6 16. Qd2 Nh5 17. Bh2 Rg8 18.
Qf2 Qg5 19. Kh1 f4 20. Qd2 Bh6 21. Rae1 Rg7 22. Nbc5 Rag8 23. Rf2 b6 24. Nd7 Ng3+ 25. Bxg3 Qxg3 26. N7e5 Nxe5 27. Nxe5 Bg5 28. Rff1 Bh4 29. Re2 Qg5 30. b3 Bg3 31. c4 Qf5 32. cxd5 exd5 33. Nc6 Bh4 34. Rg1 Rg3 35. Ne5 R8g7 36. Qc2 Qe6 37.
Ng4 Qd7 38. Nh6 Bg5 39. Nf5 Bf6 40. Nxg7 Kxg7 41. Rd1 h5 42. Qd3 Bh4 43. Qd2 Bg5 44. Qe1 Kh6 45. Qb4 Qf5 46. Qf8+ 1-0

[Event "Early-Titled-Tuesday-Blitz-February-06-2024"]
[Site "Chess.com"]
[Date "2024.02.06"]
[Round "2"]
[White "FrenchMonster2002"]
[Black "FormerProdigy"]
[Result "0-1"]
[WhiteElo "2398"]
[BlackElo "3022"]
[TimeControl "180+1"]
[EndTime "8:17:49 PST"]
[Termination "FormerProdigy won by resignation"]

1. e4 c6 2. Nc3 d5 3. Nf3 Bg4 4. h3 Bh5 5. exd5 cxd5 6. g4 Bg6 7. Bb5+ Nc6 8. Ne5 Qd6 9. d4 f6 10. Nxg6 hxg6 11. Qf3 e6 12. Bf4 Qd7 13. O-O-O g5 14. Bg3 Bd6 15. Rhe1 Nge7 16. Bxd6 Qxd6 17. Kb1 Kf7 18. Re3 Ng6 19. Bxc6 bxc6 20. Ne2 a5 21. Rb3 Rhb8 22. Rdd3 a4 23. Rxb8 Rxb8 24. a3 c5 25. dxc5 Qxc5 26. Rc3 Qb5 27. b4 Ne5 28.
Qe3 Nc4 29. Qd3 Nxa3+ 30. Rxa3 Qxb4+ 31. Kc1 Qe1+ 32. Qd1 Rb1+ 33. Kxb1 Qxd1+ 34. Nc1 Qf1 35. Rxa4 Qxf2 36. Ra3 e5 37. Nd3 Qf1+ 38. Kb2 e4 39. Ra7+ Kg6 40. Nb4 Qb5 41. Kb3 Qc4+ 42. Ka3 Qc3+ 43.
Ka4 Qa1+ 0-1

[Event "Early-Titled-Tuesday-Blitz-February-06-2024"]
[Site "Chess.com"]
[Date "2024.02.06"]
[Round "2"]
[White "losersgame"]
[Black "NewYearGirl"]
[Result "1-0"]
[WhiteElo "2532"]
[BlackElo "2336"]
[TimeControl "180+1"]
[EndTime "8:17:49 PST"]
[Termination "losersgame won by resignation"]

1. e4 c5 2. Nc3 g6 3. h4 Bg7 4. h5 Nc6 5. d3 d6 6. g3 Nd4 7. Bg2 Nf6 8. h6 Bf8 9. Nce2 e5 10. c3 Nc6 11. Bg5 Be7 12. Nf3 Bg4 13.
Qb3 Na5 14. Qa4+ Bd7 15. Qc2 b5 16. Rd1 Nc6 17. d4 cxd4 18. cxd4 Rc8 19. Qb1 Qa5+ 20.
Bd2 Qb6 21. O-O Ng4 22. dxe5 dxe5 23. Nc3 Bc5 24. Be1 Ne7 25. b4 Bd4 26. Nxd4 exd4 27. Ne2 Rc4 28. Qb2 Nc6 29. Nf4 Be6 30. Nd5 Bxd5 31.
exd5 Nce5 32. f4 d3+ 33. Kh1 Ne3 34. Qxe5+ Kd7 35. Rxd3 Nxf1 36. Qxh8 Rc1 37. Qe5 Nxg3+ 38. Rxg3 Qf2 39. Bh3+ Kd8 40. Qf6+ Kc7 41. Rc3+ Kb8 42.
Rxc1 Qf3+ 43. Bg2 Qh5+ 44. Kg1 1-0

[Event "Early-Titled-Tuesday-Blitz-February-06-2024"]
[Site "Chess.com"]
[Date "2024.02.06"]
[Round "2"]
[White "InitiatingASC"]
[Black "ideika"]
[Result "1-0"]
[WhiteElo "2435"]
[BlackElo "2128"]
[TimeControl "180+1"]
[EndTime "8:17:49 PST"]
[Termination "InitiatingASC won by resignation"]

1. d4 Nf6 2. c4 g6 3. Nc3 Bg7 4. e4 d6 5. Nf3 O-O 6. h3 Nbd7 7.
Be2 e5 8. d5 a5 9. g4 Nc5 10. Qc2 c6 11. Bg5 h6 12. Be3 b6 13.
O-O-O b5 14. Bxc5 dxc5 15. cxb5 cxb5 16. Bxb5 Qb6 17. a4 Rb8 18. Nd2 Bd7 19. Nc4 Qc7 20. Qd3 Ne8 21. Bxd7 Qxd7 22. Nb5 Nc7 23. Nca3 Rfc8 24.
Qc4 Na6 25. Kb1 Nb4 26. Rc1 f5 27. gxf5 gxf5 28. f3 fxe4 29. fxe4 Qe7 30. d6+ Qf7 31. Qxf7+ Kxf7 32. Rhf1+ Ke6 33. Nc4 Rd8 34. Nc7+ Kd7 35. Rf7+ Kc6 36. Rxg7 Nd3 37. Rc2 Nb4 38. Rd2 Rb7 39.
Nxe5+ Kb6 40. Nc4+ Kc6 41. Rg6 Na6 42. Nxa5+ Kb6 43.
Nxb7 Nxc7 44. dxc7+ Kxc7 45. Rxd8 1-0

[Event "Early-Titled-Tuesday-Blitz-February-06-2024"]
[Site "Chess.com"]
[Date "2024.02.06"]
[Round "2"]
[White "NovozhilovSemen"]
[Black "GMWSO"]
[Result "1-0"]
[WhiteElo "2685"]
[BlackElo "3079"]
[TimeControl "180+1"]
[EndTime "8:17:50 PST"]
[Termination "NovozhilovSemen won on time"]

1. d4 d5 2. c4 c6 3. cxd5 cxd5 4. Bg5 h6 5. Bh4 Qb6 6. Qd2 Nc6 7. e3 Bf5 8. Nc3 e6 9. f3 Be7 10. Bf2 Nf6 11.
e4 Bh7 12. Bd3 dxe4 13. fxe4 Ng4 14. Nf3 Nxf2 15. Qxf2 O-O 16. Rd1 Rad8 17. Bb1 Nxd4 18. Nxd4 Bc5 19. Nce2 Qb4+ 20. Rd2 e5 21. a3 Qb6 22. b4 exd4 23. O-O Be7 24. Rxd4 a5 25. Rxd8 Qxf2+ 26. Kxf2 Rxd8 27. bxa5 Bxa3 28. Nf4 Ra8 29. Rd1 Rxa5 30. Rd8+ Bf8 31. Nd5 g5 32. Nf6+ Kg7 33. Ne8+ Kh8 34. Nf6 Ra1 35. Bd3 Ra3 36. Ke2 Kg7 37.
Ne8+ Kg8 38. Nf6+ Kg7 39. Ne8+ 1-0

[Event "Early-Titled-Tuesday-Blitz-February-06-2024"]
[Site "Chess.com"]
[Date "2024.02.06"]
[Round "2"]
[White "GlavkonVVS"]
[Black "KorolDimitriy75"]
[Result "1-0"]
[WhiteElo "2606"]
[BlackElo "2365"]
[TimeControl "180+1"]
[EndTime "8:17:50 PST"]
[Termination "GlavkonVVS won on time"]

1. c4 c5 2. Nc3 g6 3. g3 Bg7 4.
Bg2 Nc6 5. Nf3 Nh6 6. O-O Nf5 7. d3 h5 8. h4 a6 9. e3 Rb8 10. Bd2 b5 11. cxb5 axb5 12. Rc1 d6 13. b3 O-O 14.
Ne4 Bd7 15. Bc3 e5 16. Qd2 b4 17. Ba1 Qe7 18. Rfe1 Rfc8 19. Rc2 Qf8 20. Rec1 Ra8 21. d4 exd4 22. exd4 cxd4 23. Neg5 Rab8 24. Kh1 d5 25. Rd1 Qd6 26. Qd3 Nfe7 27. Re2 Bf5 28. Qd2 d3 29.
Ree1 Bxa1 30. Rxa1 d4 31. Rac1 Nd5 32. Ne4 Qd8 33.
Qxd3 Nc3 34. Nfg5 Ne5 35. Qd2 Ng4 36. Kg1 1-0

[Event "Early-Titled-Tuesday-Blitz-February-06-2024"]
[Site "Chess.com"]
[Date "2024.02.06"]
[Round "2"]
[White "Baronessa08"]
[Black "laskakid"]
[Result "0-1"]
[WhiteElo "2510"]
[BlackElo "2349"]
[TimeControl "180+1"]
[EndTime "8:17:50 PST"]
[Termination "laskakid won on time"]

1. e4 e5 2. g3 Nf6 3. Bg2 Nc6 4. d3 g6 5. f4 d6 6. Nf3 Bg7 7. O-O O-O 8. c3 h6 9. Kh1 Re8 10. Be3 d5 11. fxe5 Ng4 12. Bg1 dxe4 13. dxe4 Qxd1 14. Rxd1 Ncxe5 15. Nxe5 Nxe5 16. Na3 Bg4 17. Rf1 c6 18. h3 Be6 19. Rfd1 b6 20. Nc2 Rad8 21. Nd4 Bc8 22. Kh2 Bb7 23. b3 a6 24. Rac1 c5 25. Ne2 Nd3 26. Rc2 Bxe4 27. Bxe4 Rxe4 28. Rcd2 Rde8 29.
Rxd3 Rxe2+ 30. Kh1 Rxa2 31. Rd8 Rxd8 32. Rxd8+ Kh7 33.
Rb8 Bxc3 34. Rxb6 Bd4 35. Bxd4 cxd4 36. Rd6 Rd2 37. Rxa6 Rd3 38. Kg2 Rxb3 39. Rd6 Rd3 40.
h4 Kg7 41. Kh3 h5 42. Kg2 Kf8 43. Kh3 Ke7 0-1

[Event "Early-Titled-Tuesday-Blitz-February-06-2024"]
[Site "Chess.com"]
[Date "2024.02.06"]
[Round "2"]
[White "Elnaz_Kaliakhmet"]
[Black "wyharga"]
[Result "1/2-1/2"]
[WhiteElo "2172"]
[BlackElo "2395"]
[TimeControl "180+1"]
[EndTime "8:17:50 PST"]
[Termination "Game drawn by repetition"]

1. d4 d5 2. c4 e6 3. Nf3 Nf6 4.
Nc3 Be7 5. g3 O-O 6. Bg2 c6 7. O-O b6 8. Nd2 Bb7 9. e4 Na6 10. e5 Nd7 11. b3 Nc7 12. a4 c5 13.
Nf3 dxc4 14. bxc4 cxd4 15. Qxd4 Nc5 16. Qg4 Qd3 17. Nb5 Nxb5 18. axb5 Rfd8 19. Be3 Rd7 20. h4 Qg6 21. Qxg6 hxg6 22. Rfd1 Rxd1+ 23. Rxd1 a5 24. bxa6 Bxa6 25. Rb1 Bxc4 26. Rxb6 Bd5 27. Nd4 Bxg2 28.
Kxg2 Nd3 29. Nc6 Bf8 30. Rb3 Nc5 31. Rc3 Nd7 32. Rd3 Nc5 33. Rc3 Nd7 34. f4 f6 35.
Bd4 fxe5 36. Nxe5 Nxe5 37. Bxe5 Ra7 38. Kf3 Ra3 39. Ke4 Rxc3 40. Bxc3 Kf7 41. Ke5 Bc5 42. Be1 Ba3 43. Ke4 Bb2 44. g4 Bc1 45. Bf2 Bb2 46.
Bd4 Bc1 47. Be5 Bd2 48. h5 gxh5 49. gxh5 Be1 50. f5 exf5+ 51. Kxf5 Bd2 52. Bf4 Bc3 53. Bg5 Bd4 54. Bf4 Bc3 55. Bg5 Bd4 56. Bf4 Bc3 1/2-1/2

[Event "Early-Titled-Tuesday-Blitz-February-06-2024"]
[Site "Chess.com"]
[Date "2024.02.06"]
[Round "2"]
[White "only_strong_moves"]
[Black "LyonBeast"]
[Result "0-1"]
[WhiteElo "2672"]
[BlackElo "3149"]
[TimeControl "180+1"]
[EndTime "8:17:51 PST"]
[Termination "LyonBeast won by checkmate"]

1. e4 c5 2. Nf3 d6 3. d4 cxd4 4.
Nxd4 Nf6 5. Nc3 a6 6. Bd3 e5 7. Nde2 Nc6 8. O-O Be6 9. f4 exf4 10. Nxf4 Ne5 11. Nxe6 fxe6 12. Bf4 Rc8 13. Kh1 Be7 14. Bxe5 dxe5 15. Qf3 O-O 16. Qh3 Qb6 17. Rad1 Rfd8 18.
Ne2 Rc6 19. Ng3 g6 20. Rf3 Kg7 21. Rdf1 Rf8 22. Qh4 Qc7 23. Qg5 h6 24. Qh4 b5 25.
Qh3 Nh7 26. Rxf8 Bxf8 27. Qg4 Nf6 28. Qf3 Be7 29. Ne2 Rd6 30. g4 Rd8 31. h4 Rf8 32. Qg3 Nxe4 33. Qg2 Rxf1+ 34. Qxf1 Nc5 35. Ng3 Bxh4 36.
Ne4 Nxe4 37. Bxe4 Bg5 38. Qd3 Qf7 39. Kg2 Bf4 40. a4 bxa4 41. Qxa6 Qd7 42. Bd3 Qd5+ 43. Kf2 e4 44. Qa7+ Kf6 45. Be2 e3+ 46. Kf1 Qh1# 0-1

[Event "Early-Titled-Tuesday-Blitz-February-06-2024"]
[Site "Chess.com"]
[Date "2024.02.06"]
[Round "2"]
[White "grunbergmihai"]
[Black "Akewjon"]
[Result "0-1"]
[WhiteElo "2544"]
[BlackElo "2760"]
[TimeControl "180+1"]
[EndTime "8:17:51 PST"]
[Termination "Akewjon won by resignation"]

1. Nf3 Nf6 2. c4 e6 3. g3 d5 4. Bg2 dxc4 5. O-O c5 6. Qa4+ Nbd7 7. Ne5 a6 8. Nxd7 Bxd7 9. Qxc4 Qc7 10. d3 b5 11. Qb3 Rc8 12. Bf4 Bd6 13. Bxd6 Qxd6 14. Nc3 O-O 15. a4 bxa4 16. Nxa4 Rb8 17. Qc2 Rfc8 18.
Rfc1 Rb5 19. d4 Qxd4 20. Rd1 Qe5 21. Nc3 Rb6 22. e3 g6 23. Bf1 Bb5 24. Ra5 Rcb8 25. Nxb5 axb5 26. Bg2 c4 27. Ra7 Rd6 28. Rxd6 Qxd6 29.
h3 Rd8 30. Qc3 e5 31. Rb7 Qd1+ 32. Kh2 Rd2 33. Qxe5 Rxf2 34. Qe7 Rxg2+ 35. Kxg2 Qe2+ 36.
Kg1 Qe1+ 37. Kg2 Qd2+ 38. Kf3 Qd1+ 39. Kf4 Nd5+ 40. Ke5 Nxe7 41. Rxe7 Kg7 42. Rd7 Qxd7 0-1

[Event "Early-Titled-Tuesday-Blitz-February-06-2024"]
[Site "Chess.com"]
[Date "2024.02.06"]
[Round "2"]
[White "FontVella8"]
[Black "bulletteemo"]
[Result "1-0"]
[WhiteElo "2748"]
[BlackElo "2538"]
[TimeControl "180+1"]
[EndTime "8:17:51 PST"]
[Termination "FontVella8 won on time"]

1. Nf3 Nf6 2. g3 c5 3. Bg2 Nc6 4. O-O e5 5. d3 d5 6. Bg5 Be7 7. Nc3 Be6 8. e4 d4 9. Bxf6 gxf6 10. Nd5 Bxd5 11. exd5 Qxd5 12. Nh4 Qd7 13. Qh5 O-O-O 14.
Nf5 Kb8 15. a3 Rhg8 16. h4 Bd6 17. Be4 Ne7 18. Qxh7 Ng6 19. Nxd6 Qxd6 20. Qxf7 Ne7 21. b4 f5 22. bxc5 Qxc5 23. Bg2 f4 24. Rab1 b6 25.
Kh2 Rgf8 26. Qe6 f3 27. Bh3 Nc6 28. a4 Rfe8 29. Qg4 Rf8 30. Qe4 Na5 31. Rfe1 Rde8 32. Bf5 Qxc2 33. Qxf3 Nb7 34. Rbc1 Qxa4 35. Rc4 Qa5 36. Rec1 Nd6 37. Qc6 Rd8 38. Qc7+ Ka8 39. Bh3 e4 40. Bg2 Rxf2 41. Qxd8+ 1-0

[Event "Early-Titled-Tuesday-Blitz-February-06-2024"]
[Site "Chess.com"]
[Date "2024.02.06"]
[Round "2"]
[White "SmirnovAlexandrA"]
[Black "rezamahdavi2008"]
[Result "1-0"]
[WhiteElo "2614"]
[BlackElo "2859"]
[TimeControl "180+1"]
[EndTime "8:17:52 PST"]
[Termination "SmirnovAlexandrA won on time"]

1. e4 g6 2. d4 Bg7 3. Nc3 a6 4. h4 h6 5. Nf3 d6 6. a4 Bg4 7. a5 Nc6 8. d5 Nd4 9. Qd3 Bxf3 10.
gxf3 c5 11. Ne2 c4 12. Qxc4 Nxf3+ 13. Kd1 Nf6 14. Qa4+ Kf8 15. Bg2 Ne5 16. f4 Ned7 17. Be3 Ng4 18. Bg1 Nc5 19. Qa3 Rc8 20. c3 Qd7 21.
Rh3 Nf6 22. Re3 Ng4 23. Rh3 f5 24. e5 Ne4 25. Kc2 dxe5 26. Qb3 Nc5 27. Qb6 Qd6 28. fxe5 Bxe5 29. h5 g5 30. Qb4 Nf6 31. Re1 Nxd5 32. Qc4 Nf6 33. Rd1 Qc7 34. Bxc5 Qxc5 35. Qe6 Kg7 36. Qxf5 Rhf8 37. Qg6+ Kh8 38. Qxh6+ Nh7 39. Be4 Rf7 40. Kb1 Rg8 41. Rf3 Qc4 42. Bc2 1-0

[Event "Early-Titled-Tuesday-Blitz-February-06-2024"]
[Site "Chess.com"]
[Date "2024.02.06"]
[Round "2"]
[White "Quattroporte300"]
[Black "Binary010"]
[Result "0-1"]
[WhiteElo "2393"]
[BlackElo "2876"]
[TimeControl "180+1"]
[EndTime "8:17:53 PST"]
[Termination "Binary010 won on time"]

1. e4 a6 2. d4 e6 3. Bd3 c5 4. d5 exd5 5. exd5 d6 6. c4 Be7 7.
Nf3 Nf6 8. O-O O-O 9. Nc3 Bg4 10. h3 Bh5 11. Re1 Nbd7 12. Bf4 Re8 13. g4 Bg6 14.
Kg2 Nf8 15. Bf1 h5 16. g5 N6h7 17. h4 Bf5 18. Bg3 f6 19. Bd3 Bxd3 20. Qxd3 fxg5 21. hxg5 Nxg5 22. Nxg5 Bxg5 23. Rxe8 Qxe8 24. Bxd6 Ng6 25. Ne4 Bf4 26. Re1 Qd8 27. Bxc5 Rc8 28. Be3 Ne5 29. Qe2 Bxe3 30. fxe3 Nxc4 31. Qxh5 Nb6 32. Rh1 Qxd5 33. Qh7+ Kf7 34. Rf1+ Ke8 35. Qh8+ Kd7 36. Qxg7+ Kc6 37. Rc1+ Kb5 38. a4+ Kxa4 39. Ra1+ Kb5 40. Qg4 Rc4 0-1

[Event "Early-Titled-Tuesday-Blitz-February-06-2024"]
[Site "Chess.com"]
[Date "2024.02.06"]
[Round "2"]
[White "Suleyman_Chess06"]
[Black "FabianoCaruana"]
[Result "1/2-1/2"]
[WhiteElo "2661"]
[BlackElo "3041"]
[TimeControl "180+1"]
[EndTime "8:17:54 PST"]
[Termination "Game drawn by repetition"]

1. Nf3 d5 2. g3 Nf6 3. Bg2 g6 4. O-O Bg7 5. d4 O-O 6. c4 c6 7. cxd5 cxd5 8. Nc3 e6 9. Ne5 Nfd7 10. Nxd7 Bxd7 11.
Bf4 Nc6 12. Be3 Rc8 13. Qd2 Ne7 14. Bh6 Bxh6 15. Qxh6 Nf5 16. Qd2 b5 17. e4 dxe4 18.
Nxe4 Bc6 19. Rfd1 Bxe4 20. Bxe4 Nd6 21. Bf3 Qb6 22. Rac1 Rfd8 23. d5 Rxc1 24. Rxc1 Nc4 25. Qg5 exd5 26. b3 f6 27. Bxd5+ Kg7 28. Qf4 Ne5 29.
Bg2 Rd7 30. Bf1 a6 31. Be2 h5 32. h4 Qe6 33. Qe3 Re7 34. Rd1 Rd7 35. Rxd7+ Qxd7 36. Kg2 Nc6 37. Bf3 Nd4 38. Qf4 b4 39. Qe3 a5 40.
Qd3 Qd6 41. Qe4 Qd7 42. Qd3 Qd8 43. Qe4 Qd6 44. Qb7+ Kh6 45. Qa8 Kg7 46. Qb7+ Kh6 47.
Qa8 Kg7 48. Qb7+ 1/2-1/2